 Dungeon Crawl Stone Soup version 0.19-b1-3-g7dea586 (webtiles) character file.

114 syranez the Skirmisher (level 4, 0/41 HPs)
             Began as a Draconian Berserker on Oct 29, 2016.
             Was a Believer of Trog.
             Slain by Sigmund
             ... wielding a +2 scythe of pain
              (1 damage)
             ... on level 2 of the Dungeon.
             The game lasted 00:02:51 (1201 turns).

syranez the Skirmisher (Draconian Berserker)        Turns: 1201, Time: 00:02:52

Health: 0/41       AC:  5    Str: 19    XL:     4   Next: 66%
Magic:  4/4        EV: 13    Int:  8    God:    Trog [**....]
Gold:   99         SH:  0    Dex: 13    Spells: 0 memorised, 3 levels left

rFire  . . .     SeeInvis .     a - +0 hand axe
rCold  . . .     Gourm    .     (armour unavailable)
rNeg   . . .     Faith    .     (no shield)
rPois  .         Spirit   .     (helmet restricted)
rElec  .         Reflect  .     (no cloak)
rCorr  +         Harm     .     (no gloves)
MR     .....                    (no boots)
Stlth  +.........               (no amulet)
                                o - +2 ring of dexterity
                                m - ring of resist corrosion

@: exhausted, slowed, very slow
A: unfitting armour, cold-blooded, AC +5
a: Berserk, Trog's Hand, Burn Spellbooks, Renounce Religion


You were on level 2 of the Dungeon.
You worshipped Trog.
Trog was pleased with you.
You were hungry.

You visited 1 branch of the dungeon, and saw 2 of its levels.

You collected 99 gold pieces.

Inventory:

Hand Weapons
 a - a +0 hand axe (weapon)
Missiles
 g - 48 stones (quivered)
Jewellery
 m - a ring of resist corrosion (left hand)
 o - a +2 ring of dexterity (right hand)
Scrolls
 e - 3 scrolls of identify {unknown}
 f - a scroll of recharging {unknown}
 k - a scroll of remove curse {unknown}
 n - a scroll of enchant weapon {unknown}
 q - a scroll of teleportation {unknown}
Potions
 h - a potion of degeneration {unknown}
 i - a potion of curing {unknown}
 l - a potion of heal wounds {unknown}
 p - a potion of might {unknown}
Comestibles
 b - 5 bread rations
 c - a beef jerky
 d - a chunk of flesh
 j - a slice of pizza


   Skills:
 + Level 4.3 Fighting
 + Level 4.2 Axes
 + Level 0.1 Throwing
 + Level 3.2 Dodging
 + Level 0.6 Stealth


You had 3 spell levels left.
You didn't know any spells.

Dungeon Overview and Level Annotations

Branches:
Dungeon (2/15)

Altars:

Annotations:
D:2 Sigmund


Innate Abilities, Weirdness & Mutations

Your plain brown scales are hard. (AC +5)
You cannot fit into any form of body armour.
You are cold-blooded and may be slowed by cold attacks.


Message History

* * * LOW HITPOINT WARNING * * *
You writhe in agony.
* * * LOW HITPOINT WARNING * * *
You miss something. You barely miss something. Something hits you.
* * * LOW HITPOINT WARNING * * *
You slash something! Something hits you.
* * * LOW HITPOINT WARNING * * *
You writhe in agony.
* * * LOW HITPOINT WARNING * * *
You hit something.
You are no longer berserk.
You are exhausted.
You feel as though you will be slow longer.
You hit something. Something hits you but does no damage.
You writhe in agony.
* * * LOW HITPOINT WARNING * * *
You hit something but do no damage. Something hits you!
* * * LOW HITPOINT WARNING * * *
You writhe in agony.
You die...

#.'..≈.≈...+.#
#.'...≈.≈..+.#
##
###§≈§.≈≈≈≈#..
.#
##§≈..≈≈##.#
.### ##≈..≈##
.# ... ##'§###
.. #..#.# .#
#....#####.#
####.....@{#
#######......#
#######


There were no monsters in sight!

Vanquished Creatures
  Natasha (twice) (D:2)
  An adder (D:2)
  2 oozes
  4 leopard geckos
  3 giant cockroaches
  4 goblins
  5 hobgoblins
  2 jackals (D:1)
  7 bats
  3 frilled lizards
  5 kobolds
  5 rats
43 creatures vanquished.

Notes
Turn   | Place    | Note
-------+----------+-------------------------------------------
     0 | D:1      | syranez the Draconian Berserker began the quest for the Orb.
     0 | D:1      | Reached XP level 1. HP: 19/19 MP: 1/1
    66 | D:1      | Reached XP level 2. HP: 26/26 MP: 2/2
   400 | D:1      | Reached XP level 3. HP: 33/33 MP: 3/3
   696 | D:2      | Reached ** piety under Trog
  1122 | D:2      | Noticed Natasha
  1134 | D:2      | Killed Natasha
  1134 | D:2      | Reached XP level 4. HP: 31/40 MP: 4/4
  1184 | D:2      | Noticed Natasha
  1186 | D:2      | Noticed Sigmund
  1193 | D:2      | Killed Natasha
  1201 | D:2      | HP: 1/41 [something (7)]
  1201 | D:2      | Slain by Sigmund

Skill      XL: |  1  2  3 |
---------------+----------+-----
Dodging        | 3 |  3.2
Fighting       | 4 |  4.3
Axes           | 4 |  4.2
Throwing       | |  0.1
Stealth        | |  0.6

Action                   |  1- 3 |  4- 6 || total
-------------------------+-------+-------++-------
Melee: Hand axe          |   129 |    12 ||   141
       Tailslap          |    25 |       ||    25
Throw: Stone             |     8 |       ||     8
Invok: Berserk           |       |     1 ||     1
 Stab: Sleeping          |     1 |       ||     1
  Eat: Chunk             |     1 |       ||     1
Armor: Skin              |    56 |     2 ||    58
Dodge: Dodged            |   121 |     2 ||   123
